 Dungeon Crawl Stone Soup version 0.26-a0-670-g578ab304f5 (webtiles) character file.

Game seed: 4601527771758062648

50 ANON1729 the Covered (level 3, 0/26 HPs)
             Began as a Minotaur Wanderer on Oct 18, 2020.
             Was a Follower of Wu Jian.
             Slain by a hobgoblin
             ... wielding a cursed -2 club
             ... led by Robin
              (1 damage)
             ... on level 3 of the Dungeon.
             The game lasted 00:00:57 (766 turns).

ANON1729 the Covered (Minotaur Wanderer)             Turns: 766, Time: 00:00:57

Health: 0/26       AC:  8    Str: 15    XL:     3   Next: 55%
Magic:  4/4        EV:  9    Int: 11    God:    Wu Jian [*.....]
Gold:   24         SH:  0    Dex:  9    Spells: 4/4 levels left

rFire    . . .     SeeInvis .   a - +0 club
rCold    . . .     Faith    .   (no shield)
rNeg     . . .     Spirit   .   d - +2 scale mail
rPois    .         Reflect  .   (helmet restricted)
rElec    .         Harm     .   (no cloak)
rCorr    .         Rampage  .   (no gloves)
MR       .....                  (no boots)
Stlth    ..........             (no amulet)
HPRegen  0.08/turn              (no ring)
MPRegen  0.09/turn              (no ring)

@: no status effects
A: retaliatory headbutt, horns 2
a: Renounce Religion


You were on level 3 of the Dungeon.
You worshipped Wu Jian.
Wu Jian was aware of your devotion.
You visited 1 branch of the dungeon, and saw 3 of its levels.

You collected 24 gold pieces.

Inventory:

Hand Weapons
 a - a +0 club (weapon)
Armour
 d - a +2 scale mail (worn)
Wands
 c - a wand of random effects (15)
Scrolls
 b - a scroll of teleportation
 e - a scroll of identify {unknown}
 f - a scroll of amnesia {unknown}
Potions
 g - a potion of lignification {unknown}


   Skills:
   Level 1.1 Bows
 + Level 1.9 Throwing
 + Level 3.2 Armour
 + Level 1.4 Spellcasting
   Level 1.2 Hexes
   Level 1.3 Air Magic
 + Level 1.7 Evocations


You had 4 spell levels left.
You didn't know any spells.
Your spell library was empty.

Dungeon Overview and Level Annotations

Branches:
Dungeon (3/15)

Altars:
Wu Jian

Annotations:
D:3 Robin


Innate Abilities, Weirdness & Mutations

You reflexively headbutt those who attack you in melee.
You have a pair of horns on your head.


Message History

You spin to attack the hobgoblin, but your attack speed is too slow for a blow to land.
You spin to attack the goblin, but your attack speed is too slow for a blow to land.
You spin to attack the orc, but your attack speed is too slow for a blow to land.
The goblin barely misses you. Robin hits you but does no damage.
The orc hits you but does no damage. The hobgoblin barely misses you.
Found 5 large rocks.
Items here: )) [ †.
You spin to attack the hobgoblin, but your attack speed is too slow for a blow to land.
You spin and attack the orc.
You hit the orc but do no damage. You headbutt the orc.
You kill the orc!
The Council accepts your kill. Robin throws the goblin at you!
* * * LOW HITPOINT WARNING * * *
The hobgoblin hits you but does no damage.
You hit the goblin but do no damage. Your headbutt misses the goblin.
The goblin hits you with a +0 club.
* * * LOW HITPOINT WARNING * * *
The hobgoblin hits you with a cursed -2 club.
You die...

........# #.
........######### ...
...............$# #.#
................###..#
.........<...........
..................#
.....[...†$..))gg#
.....$<........g@#
............))...#
....?..####......#
#..[..## #..####..#
###### #.## ##.# #. .#
.. .# .## (.


You could see Robin, a hobgoblin (strong) and a goblin (strong).

Vanquished Creatures
  A worker ant zombie (D:3)
  An adder (D:3)
  A worm (D:2)
  An orc (D:3)
  2 bats
  A giant cockroach (D:1)
  6 goblins
  4 hobgoblins (D:3)
  2 jackals (D:2)
  A frilled lizard (D:2)
  2 kobolds (D:2)
  2 rats
24 creatures vanquished.

Notes
Turn   | Place    | Note
-------+----------+-------------------------------------------
     0 | D:1      | ANON1729 the Minotaur Wanderer began the quest for the Orb.
     0 | D:1      | ANON1729 set off with the following items: a +0 club, a
                  | scroll of teleportation, a wand of random effects (15), a
                  | +2 scale mail
     0 | D:1      | Reached XP level 1. HP: 14/14 MP: 1/1
   133 | D:2      | Reached XP level 2. HP: 2/20 MP: 2/2
   461 | D:2      | Found a faded altar of an unknown god.
   481 | D:2      | Became a worshipper of the Wu Jian Council
   481 | D:2      | Reached * piety under Wu Jian
   582 | D:3      | Reached skill level 3 in Armour
   589 | D:3      | Reached XP level 3. HP: 8/26 MP: 2/4
   747 | D:3      | Noticed Robin
   766 | D:3      | HP: 1/26 [goblin/+0 club[Robin] (2)]
   766 | D:3      | Slain by a hobgoblin

Illustrated notes

Levels and vault maps discovered:
D:1:      heliophobic_arrival_ceremonial_halls, layout_basic,
          chequers_hall_statues_wall_a, minmay_quantized
D:2:      layout_basic, chequers_ecumenical_altar_simple_redux
D:3:      layout_rooms, uniq_robin, uniq_grinder

Skill      XL: |  1  2 |
---------------+-------+-----
Armour         | 3 |  3.2
Bows           | |  1.1
Throwing       | |  1.9
Spellcasting   | |  1.4
Hexes          | |  1.2
Air Magic      | |  1.3
Evocations     | |  1.7

Action                   || total
-------------------------++-------
Melee: Club              ||    70
       Headbutt          ||     7
Invok: Lunge             ||     2
       Whirlwind         ||     2
Armor: Scale mail        ||    40
Dodge: Dodged            ||    55

Table legend: (Time is in decaauts)
 A = Elapsed time spent in this place.
 B = Non-inter-level travel time spent in this place.
 C = Inter-level travel time spent in this place.
 D = Time resting spent in this place.
 E = Time spent auto-exploring this place.
 F = Levels seen in this place.
 G = Mean time per level.
                   A        B        C        D        E       F      G
               +--------+--------+--------+--------+--------+-----+--------+
         Total |    785 |    785 |      0 |      0 |    594 |   3 |  261.7 |
       Dungeon |    785 |    785 |      0 |      0 |    594 |   3 |  261.7 |
               +--------+--------+--------+--------+--------+-----+--------+

Top non-repeatable levels by time:
     D:2: 509 daAuts
     D:3: 248 daAuts
     D:1: 26 daAuts
